 Dungeon Crawl Stone Soup version 0.16-a0-791-gf1c67de (webtiles) character file.

331 RobertPalmer the Basher (level 6, 0/55 HPs)
             Began as an Ogre Transmuter on Sept 28, 2014.
             Succumbed to a kobold's poison
             ... on Level 3 of the Dungeon.
             The game lasted 00:08:07 (3286 turns).

RobertPalmer the Basher (Ogre Transmuter)           Turns: 3286, Time: 00:08:07

HP   0/55        AC  4     Str 16      XL: 6   Next: 52%
MP  11/11        EV 10     Int 13      God:
Gold 113         SH  0     Dex 11      Spells:  1 memorised,  8 levels left

rFire  . . .     SeeInvis .     a - +2 whip (elec)
rCold  . . .     Clarity  .     c - +0 robe
rNeg   . . .     rCorr    .     (shield restricted)
rPois  .         rRot     .     (helmet restricted)
rElec  .         Spirit   .     g - +0 cloak
SustAb .         Warding  .     (gloves unavailable)
rMut   .         Stasis   .     (boots unavailable)
Gourm  +                        m - amulet of the gourmand
MR     .....                    (no ring)
                                (no ring)

@: lethally poisoned, not resistant to hostile enchantments, very unstealthy
A: unfitting armour, tough skin 1
a: no special abilities


You were on level 3 of the Dungeon.
You were hungry.

You visited 1 branch of the dungeon, and saw 5 of its levels.

You collected 113 gold pieces.


Innate Abilities, Weirdness & Mutations

You are too large for most types of armour.
You have tough skin (AC +1).


   Skills:
 - Level 1.3 Fighting
 + Level 8.3 Maces & Flails
 - Level 1.7 Dodging
 - Level 2.6 Unarmed Combat
 - Level 2.4 Spellcasting
 - Level 1.3 Transmutations


You had 8 spell levels left.
You knew the following spells:

 Your Spells              Type           Power        Failure   Level  Hunger
z - Beastly Appendage     Trmt           #.....       14%         1    #......

Inventory:

Hand weapons
 a - a +2 whip of electrocution (weapon)
Missiles
 b - 35 arrows
 e - 2 tomahawks (quivered)
Armour
 c - a +0 robe (worn)
 g - a +0 cloak (worn)
Comestibles
 f - 2 meat rations
 n - 2 beef jerkies
Scrolls
 h - a scroll of amnesia {unknown}
Jewellery
 m - an amulet of the gourmand (around neck)
Books
 d - a book of Changes

Dungeon Overview and Level Annotations

Branches:
Dungeon (5/15)
 Temple: D:4-7

Altars:
Cheibriados
Makhleb

Annotations:
D:3 Grinder
D:5 Ratboiler's ghost, average FeTm

... ..##.......## .##
.##.....#.#..####.#
.#...........%....#
#..........#.###.##
#........###......##
###........#####5....#
.............###<..[.#
##......##....5....#
#...@.>.....##.....#
#.....(..........#.....##
.###.......###..........
##.....## ####...#...
##...## ##...... #####
#..#... ##..... ###...
#...


There were no monsters in sight!


Message History

Unknown command.
Unknown command.
You feel sick.
You see here 25 sling bullets.
You feel sick. The goblin hits you but does no damage.
The goblin hits you with a runed dagger.
* * * LOW HITPOINT WARNING * * *
* * * LOW HITPOINT WARNING * * *
You feel sick.
There is a stone staircase leading up here.
You hit the goblin.
There is a sudden explosion of sparks!
You kill the goblin!
* * * LOW HITPOINT WARNING * * *
You feel sick.
The kobold shoots a poisoned needle.
The poisoned needle hits you!
You are lethally poisoned!
You climb upwards.
Level annotation: Grinder
* * * LOW HITPOINT WARNING * * *
You feel sick.
There is a stone staircase leading down here.
Unknown command.
Unknown command.
Unknown command.
Unknown command.
Unknown command.
You aren't carrying any potions.
* * * LOW HITPOINT WARNING * * *
You feel sick.
You die...

Action                   |  1- 3 |  4- 6 || total
-------------------------+-------+-------++-------
Melee: Whip              |   138 |    94 ||   232
Throw: Tomahawk          |       |     3 ||     3
 Cast: Beastly Appendage |     8 |     2 ||    10
  Use: Scroll            |     3 |     4 ||     7
       Potion            |     3 |     1 ||     4
  Eat: Chunk             |     3 |     6 ||     9

Vault maps used:
D:1:      onia_arrival_pyramid, minmay_close_crescents
D:2:      cheibriados_altar_1, nrook_mini_vaults, uniq_sigmund, uniq_terence,
          uniq_crazy_yiuf_cottage
D:3:      first_bread, minmay_misc_feat_five, uniq_grinder
D:4:      kennysheep_little_box, minmay_temple_entry_statues_pillars
D:5:      lemuel_doored_altar, basic_altar, serial_shops, shop

Notes
Turn   | Place    | Note
--------------------------------------------------------------
     0 | D:1      | RobertPalmer, the Ogre Transmuter, began the quest for the Orb.
     0 | D:1      | Reached XP level 1. HP: 19/19 MP: 3/3
    37 | D:1      | Reached skill level 1 in Maces & Flails
   464 | D:1      | Reached skill level 2 in Maces & Flails
   478 | D:1      | Reached XP level 2. HP: 21/27 MP: 5/5
   708 | D:1      | Reached skill level 3 in Maces & Flails
  1082 | D:1      | Reached XP level 3. HP: 31/33 MP: 6/6
  1404 | D:2      | Reached skill level 4 in Maces & Flails
  1571 | D:2      | Noticed Sigmund
  1592 | D:3      | Noticed Grinder
  1987 | D:2      | Killed Sigmund
  1987 | D:2      | Reached skill level 6 in Maces & Flails
  1987 | D:2      | Reached XP level 4. HP: 32/41 MP: 8/8
  1987 | D:2      | Reached XP level 5. HP: 37/48 MP: 9/9
  2042 | D:2      | Found a snail-covered altar of Cheibriados.
  2083 | D:2      | Noticed Terence
  2090 | D:2      | Killed Terence
  2295 | D:2      | Noticed Crazy Yiuf
  2302 | D:2      | Killed Crazy Yiuf
  2711 | D:3      | Paralysed by Grinder for 6 turns
  2737 | D:4      | Reached skill level 7 in Maces & Flails
  2868 | D:5      | Entered Level 5 of the Dungeon
  3007 | D:5      | Reached XP level 6. HP: 55/55 MP: 11/11
  3067 | D:5      | Reached skill level 8 in Maces & Flails
  3155 | D:5      | Found a burning altar of Makhleb.
  3199 | D:5      | Noticed Ratboiler's ghost (average FeTm)
  3276 | D:4      | HP: 5/55 [poisoned by a worker ant]
  3283 | D:4      | HP: 3/55 [poisoned by a worker ant]
  3285 | D:3      | HP: 1/55 [poisoned by a kobold]
  3286 | D:3      | Succumbed to a kobold's poison

Vanquished Creatures
  Sigmund (D:2)
  An eye of draining (D:5)
  A crimson imp (D:5)
  Crazy Yiuf (D:2)
  A hound (D:4)
  A worker ant (D:4)
  Terence (D:2)
  A shadow imp (D:5)
  3 worms (D:2)
  A giant gecko (D:5)
  7 bats
  6 giant cockroaches
  10 hobgoblins
  4 jackals
  A quokka (D:2)
  2 ball pythons
  7 giant newts
  7 goblins
  4 kobolds
  9 rats
69 creatures vanquished.
